 Dungeon Crawl Stone Soup version 0.23.2-1-ga50397a (webtiles) character file.

Game seed: 1196747264888648185

237 Fang the Skirmisher (level 6, -1/39 HPs)
             Began as a Gargoyle Berserker on Apr 15, 2019.
             Was a Believer of Trog.
             Slain by an orc
             ... wielding a +0 trident
              (3 damage)
             ... on level 3 of the Dungeon.
             The game lasted 00:01:36 (1909 turns).

Fang the Skirmisher (Gargoyle Berserker)            Turns: 1909, Time: 00:01:36

Health: -1/39      AC:  6    Str: 25    XL:     6   Next: 6%
Magic:  6/6        EV: 12    Int:  8    God:    Trog [**....]
Gold:   118        SH:  0    Dex:  9    Spells: 5/5 levels left

rFire    + . .     SeeInvis .   a - +0 war axe
rCold    . . .     Gourm    +   (no shield)
rNeg     + . .     Faith    .   b - +0 animal skin
rPois    ∞         Spirit   .   (no helmet)
rElec    +         Reflect  .   (no cloak)
rCorr    .         Harm     .   (no gloves)
MR       .....                  (no boots)
Stlth    +.........             o - amulet of the gourmand
HPRegen  0.13/turn              h - ring of protection from fire
MPRegen  0.10/turn              j - +3 ring of strength

@: berserk cooldown, slowed, very slow
A: negative energy resistance 1, electricity resistance, unbreathing,
petrification resistance, rot immunity, AC +4
a: Berserk, Trog's Hand, Renounce Religion


You were on level 3 of the Dungeon.
You worshipped Trog.
Trog was pleased with you.
You were very full.

You visited 1 branch of the dungeon, and saw 3 of its levels.

You collected 118 gold pieces.

Inventory:

Hand Weapons
 a - a +0 war axe (weapon)
Armour
 b - a +0 animal skin (worn)
Jewellery
 d - an uncursed amulet of the acrobat
 h - a ring of protection from fire (left hand)
 j - a +3 ring of strength (right hand)
 o - an amulet of the gourmand (around neck)
Wands
 m - a wand of random effects (10)
Scrolls
 f - a scroll of remove curse {unknown}
 g - 2 scrolls of teleportation {unknown}
 i - a scroll of fog {unknown}
 l - a scroll of identify {unknown}
Potions
 e - 2 potions of curing {unknown}
 k - a potion of heal wounds {unknown}
 n - a potion of flight {unknown}
Comestibles
 c - 6 rations


   Skills:
 + Level 4.5 Fighting
 + Level 3.7 Axes
 + Level 3.8 Armour
 + Level 2.8 Dodging


You had 5 spell levels left.
You didn't know any spells.
Your spell library was empty.

Dungeon Overview and Level Annotations

Branches:
Dungeon (3/15)

Altars:

Annotations:
D:3 Robin


Innate Abilities, Weirdness & Mutations

You are resistant to torment.
Your stone body is resilient. (AC +4)
You are immune to poison.
You resist negative energy. (rN+)
You are resistant to electric shocks. (rElec)
You can survive without breathing.
You are immune to petrification.
You are immune to rotting.


Message History

Trog accepts your kill.
You barely miss the adder.
You are no longer berserk.
You are exhausted.
You feel yourself slow down. The adder bites you.
* * * LOW HITPOINT WARNING * * *
The orc barely misses you.
You hit the orc.
The orc is almost dead.
You hit the adder but do no damage. The adder bites you but does no damage.
The orc hits you but does no damage. The orc misses you.
The adder barely misses you. The orc hits you with a +0 mace.
* * * LOW HITPOINT WARNING * * *
You closely miss the orc.
The orc is almost dead.
You slash the adder! The adder barely misses you. The orc closely misses you.
An orc comes into view. It is wielding a +0 dagger.
The adder barely misses you. The orc closely misses you.
The orc hits you from afar with a +0 trident.
You die...

#######........
#######.....#+# ##
#.............# .##
#.###########.## ..#
#.# #....... %.#
#.######...#..# ..#
#..........#.#.##..###
#.###....###.#()#....#
#.##)÷.##.(.###S@#
#.##..#..#.#..?##o#
#.##.##)##)###.#


og# #.##.##..##..#S# .#.. #.#....##. #..#[ ##... #.#[... .# #.#.# o## .'... .
.##.# . ###... #.. .# .# #... #. ## You could see an adder, 3 orcs and a goblin.

Vanquished Creatures
  A centaur (D:3)
  An orc wizard (D:3)
  6 adders
  2 worms
  A dart slug (D:3)
  A leopard gecko (D:2)
  2 ball pythons
  2 giant cockroaches
  15 goblins
  9 hobgoblins
  8 jackals
  4 kobolds
  7 bats
  6 rats
65 creatures vanquished.

Notes
Turn   | Place    | Note
-------+----------+-------------------------------------------
     0 | D:1      | Fang the Gargoyle Berserker began the quest for the Orb.
     0 | D:1      | Reached XP level 1. HP: 14/14 MP: 1/1
   356 | D:1      | Reached XP level 2. HP: 19/19 MP: 2/2
   774 | D:2      | Reached XP level 3. HP: 15/24 MP: 3/3
  1018 | D:2      | Reached XP level 4. HP: 24/29 MP: 4/4
  1210 | D:2      | Found a faded altar of an unknown god.
  1225 | D:2      | Reached ** piety under Trog
  1225 | D:2      | Reached skill level 4 in Fighting
  1513 | D:3      | Noticed a centaur
  1523 | D:3      | Killed a centaur
  1523 | D:3      | Reached XP level 5. HP: 18/34 MP: 5/5
  1885 | D:3      | Noticed Robin
  1902 | D:3      | Reached XP level 6. HP: 12/39 MP: 6/6
  1908 | D:3      | HP: 1/39 [orc/+0 mace (2)]
  1909 | D:3      | Slain by an orc

Skill      XL: |  1  2  3  4 |
---------------+-------------+-----
Axes           | 3 |  3.7
Dodging        | 2 |  2.8
Armour         | 3 |  3.8
Fighting       | 4 |  4.5

Action                   |  1- 3 |  4- 6 || total
-------------------------+-------+-------++-------
Melee: Hand axe          |    90 |     4 ||    94
       War axe           |       |    73 ||    73
Invok: Berserk           |       |     2 ||     2
       Trog's Hand       |       |     1 ||     1
 Stab: Sleeping          |     2 |     1 ||     3
  Eat: Chunk             |       |    16 ||    16
Armor: Animal skin       |    38 |    50 ||    88
Dodge: Dodged            |    63 |    80 ||   143
